 Dungeon Crawl Stone Soup version 0.30-a0-170-g85af917532 (webtiles) character file.

Game seed: 1458046503945175833

350 qw the Chopper (level 6, 0/39 HPs)
             Began as a Gargoyle Fighter on Sept 30, 2022.
             Slain by a gnoll sergeant
             ... wielding a +0 spear
              (4 damage)
             ... on level 5 of the Dungeon.
             The game lasted 00:01:33 (4744 turns).

qw the Chopper (Gargoyle Fighter)                   Turns: 4744, Time: 00:01:33

Health: 0/39       AC: 19    Str: 22    XL:     6   Next: 60%
Magic:  6/6        EV:  7    Int:  8    God:
Gold:   224        SH:  4    Dex:  9    Spells: 5/5 levels left

rFire   . . .      SeeInvis .    Y - +1 war axe
rCold   . . .      Faith    .    c - +0 buckler
rNeg    + . .      Spirit   .    e - +0 chain mail
rPois   inf        Reflect  .    (no helmet)
rElec   +          Harm     .    j - +0 cloak
rCorr   .          Rampage  .    f - +0 pair of gloves
Will    .....                    (no boots)
Stlth   ..........               (no amulet)
HPRegen 0.13/turn                h - +4 ring of protection
MPRegen 0.10/turn                (no ring)

@: no status effects
A: sickness immunity, AC +4, negative energy resistance 1, electricity
resistance, torment resistance 1, petrification resistance
a: no special abilities


You were on level 5 of the Dungeon.
You visited 1 branch of the dungeon, and saw 5 of its levels.

You collected 224 gold pieces.


Innate Abilities, Weirdness & Mutations

You are immune to sickness and miasma.
Your stone body is resilient. (AC +4)
You are immune to poison.
You resist negative energy. (rN+)
You are resistant to electric shocks. (rElec)
You are resistant to unholy torment.
You are immune to petrification.


   Skills:
 - Level 4.3 Fighting
 + Level 5.7 Axes
 - Level 3.2 Armour
 - Level 3.2 Shields


You had 5 spell levels left.
You didn't know any spells.
Your spell library was empty.

Inventory:

Hand Weapons
 b - a +0 flail
 Y - a +1 war axe (weapon)
Armour
 c - a +0 buckler (worn)
 e - a +0 chain mail (worn)
 f - a +0 pair of gloves (worn)
 j - a +0 cloak (worn)
Jewellery
 h - a +4 ring of protection (left hand)
 l - a +6 ring of intelligence
Scrolls
 a - a scroll of identify
Potions
 d - 3 potions of might
 g - a potion of resistance
 i - a potion of lignification
 k - 2 potions of curing

Dungeon Overview and Level Annotations

Branches:
Dungeon (5/15)
 Temple: D:4-7

Altars:


Message History

The gnoll sergeant closely misses you. The gnoll hits you but does no damage.
You closely miss the gnoll.
The gnoll is moderately wounded.
The gnoll sergeant barely misses you.
The gnoll hits you but does no damage. x2
The gnoll sergeant hits you from afar with a +0 spear.
You closely miss the gnoll.
The gnoll is moderately wounded.
The gnoll sergeant hits you but does no damage.
The gnoll hits you but does no damage.
You slash the gnoll!
You kill the gnoll!
The gnoll sergeant hits you but does no damage. 2 gnolls come into view.
The gnoll shouts! x2
The gnoll sergeant hits you but does no damage.
You block the gnoll's attack.
You see here a +0 spear.
The gnoll sergeant blocks your attack.
The gnoll sergeant hits you with a +0 spear.
The gnoll closely misses you.
You barely miss the gnoll sergeant.
The gnoll sergeant hits you but does no damage.
The gnoll completely misses you.
The gnoll hits you from afar with a +0 spear.
The gnoll sergeant hits you with a +0 spear.
You slash the gnoll sergeant!
The gnoll sergeant is heavily wounded.
The gnoll sergeant hits you but does no damage.
The gnoll hits you but does no damage.
You hit the gnoll sergeant but do no damage.
The gnoll sergeant is heavily wounded.
The gnoll sergeant hits you but does no damage.
The gnoll hits you from afar with a +0 spear.
The gnoll sergeant blocks your attack.
The gnoll sergeant is heavily wounded.
The gnoll sergeant hits you but does no damage.
The gnoll hits you but does no damage.
The gnoll hits you from afar with a +0 spear!
The gnoll sergeant hits you with a +0 spear.
You die...

#.......######
#.......# ##
#.......# ###.
##....### #...
#....# ##..
#######.####
#..#
.........#
##..
.#######.###
##.
........)@.#
#.
.###.#####g#
#. g# #. g. #.
#.. #####. ...
#..... .#..
#.#### .##..
#.# #.####


You could see a gnoll sergeant and 2 gnolls.

Vanquished Creatures
  A gnoll sergeant (D:5)
  A hound (D:5)
  A jelly (D:5)
  7 adders
  6 gnolls (D:5)
  A shadow imp (D:5)
  An ufetubus (D:5)
  A worm (D:3)
  A dart slug (D:3)
  12 orcs
  6 ball pythons
  4 endoplasms
  7 giant cockroaches
  8 goblins
  5 hobgoblins
  3 jackals (D:1)
  5 quokkas
  8 bats
  2 frilled lizards (D:2)
  4 kobolds
  4 rats
88 creatures vanquished.

Vanquished Creatures (others)
  2 plants (D:5)
2 creatures vanquished.

Grand Total: 90 creatures vanquished

Notes
Turn   | Place    | Note
-------+----------+-------------------------------------------
     0 | D:1      | qw the Gargoyle Fighter began the quest for the Orb.
     0 | D:1      | Reached XP level 1. HP: 14/14 MP: 1/1
     0 | D:1      | 0 ||| qw: Version: 0.2-a-13-gfc7b4b4
     0 | D:1      | 0 ||| qw: Game counter: 1664
     0 | D:1      | 0 ||| qw: Always use a shield: true
     0 | D:1      | 0 ||| qw: God list: Okawaru
     0 | D:1      | 0 ||| qw: Allow faded altars: false
     0 | D:1      | 0 ||| qw: Do Orc after D:15 true
     0 | D:1      | 0 ||| qw: Do second Lair branch before Depths: true
     0 | D:1      | 0 ||| qw: Lair rune preference: random
     0 | D:1      | 0 ||| qw: Plans: Normal, Zot:1-4, God:TSO, Crypt, Tomb,
                  | Pan, Slime:5, Hells, Abyss, Orb
     0 | D:1      | 0 ||| PLANNING D:1-11
    73 | D:1      | Reached skill level 2 in Axes
   200 | D:1      | Reached XP level 2. HP: 19/19 MP: 2/2
   469 | D:1      | 469 ||| DROPPING +0 club.
   581 | D:1      | HP: 3/19 [goblin/+0 dagger (3)]
   589 | D:1      | Reached skill level 3 in Axes
   590 | D:1      | HP: 2/19 [bat (1)]
  1061 | D:1      | Reached XP level 3. HP: 23/23 MP: 3/3
  1210 | D:1      | 1210 ||| UPGRADING to +0 cloak.
  1215 | D:1      | 1215 ||| DROPPING ring of flight.
  1216 | D:1      | 1216 ||| READING scroll labelled TYTHRU BAEPSIMUKH.
  1221 | D:1      | 1221 ||| READING scroll labelled SUUMOU PAIDGH.
  1222 | D:1      | 1222 ||| READING scroll labelled CEIKKU FEZUXO.
  1223 | D:1      | 1223 ||| READING scroll labelled EPRUYTZ LOAT.
  1249 | D:2      | 1249 ||| Stepping ~*~*~tactically~*~*~ (stealth).
  1251 | D:2      | 1251 ||| Stepping ~*~*~tactically~*~*~ (stealth).
  1252 | D:2      | 1252 ||| Stepping ~*~*~tactically~*~*~ (stealth).
  1257 | D:2      | 1257 ||| STAIRDANCE
  1630 | D:2      | 1630 ||| FLEEEEING.
  1632 | D:2      | 1632 ||| FLEEEEING.
  1633 | D:2      | 1633 ||| FLEEEEING.
  1634 | D:2      | 1634 ||| FLEEEEING.
  1635 | D:2      | 1635 ||| FLEEEEING.
  1636 | D:2      | 1636 ||| FLEEEEING.
  1637 | D:2      | 1637 ||| FLEEEEING.
  1639 | D:2      | 1639 ||| FLEEEEING.
  1640 | D:2      | 1640 ||| FLEEEEING.
  1641 | D:2      | 1641 ||| FLEEEEING.
  1642 | D:2      | 1642 ||| FLEEEEING.
  1644 | D:2      | 1644 ||| FLEEEEING.
  1645 | D:2      | 1645 ||| FLEEEEING.
  1646 | D:2      | 1646 ||| FLEEEEING.
  1647 | D:2      | 1647 ||| FLEEEEING.
  1656 | D:2      | 1656 ||| FLEEEEING.
  1657 | D:2      | 1657 ||| FLEEEEING.
  1658 | D:2      | 1658 ||| FLEEEEING.
  1659 | D:2      | 1659 ||| FLEEEEING.
  1660 | D:2      | 1660 ||| FLEEEEING.
  1661 | D:2      | 1661 ||| FLEEEEING.
  1831 | D:2      | Reached XP level 4. HP: 25/28 MP: 4/4
  2198 | D:2      | 2198 ||| UPGRADING to +0 chain mail.
  2208 | D:2      | 2208 ||| DROPPING +0 scale mail.
  2209 | D:2      | 2209 ||| UPGRADING to +0 pair of gloves.
  2214 | D:2      | 2214 ||| UPGRADING to +4 ring of protection.
  2215 | D:2      | 2215 ||| READING 2 scrolls of identify.
  2215 | D:2      | 2215 ||| IDENTIFYING lumpy black potion
  2239 | D:3      | 2239 ||| Stepping ~*~*~tactically~*~*~ (stealth).
  2240 | D:3      | 2240 ||| Stepping ~*~*~tactically~*~*~ (stealth).
  2241 | D:3      | 2241 ||| Stepping ~*~*~tactically~*~*~ (stealth).
  2250 | D:3      | Reached skill level 4 in Axes
  2306 | D:3      | 2306 ||| Stepping ~*~*~tactically~*~*~ (hiding).
  2446 | D:3      | 2446 ||| DROPPING +0 mace.
  3144 | D:3      | 3144 ||| READING 3 scrolls of identify.
  3144 | D:3      | 3144 ||| IDENTIFYING bubbling orange potion
  3145 | D:3      | 3145 ||| READING 2 scrolls of identify.
  3145 | D:3      | 3145 ||| IDENTIFYING silvery potion
  3224 | D:4      | Reached XP level 5. HP: 32/32 MP: 5/5
  3759 | D:4      | 3759 ||| READING scroll labelled MUIMIU HEPIEV.
  3760 | D:4      | 3760 ||| READING scroll labelled TETWOAKHLUL.
  3782 | D:5      | Entered Level 5 of the Dungeon
  3783 | D:5      | 3783 ||| PLANNING OSSUARY
  3832 | D:5      | HP: 6/32 [acid (11)]
  3835 | D:5      | Reached skill level 5 in Axes
  4201 | D:5      | 4201 ||| Stepping ~*~*~tactically~*~*~ (hiding).
  4216 | D:5      | Reached XP level 6. HP: 24/39 MP: 6/6
  4549 | D:5      | 4549 ||| RIP OSSUARY
  4559 | D:5      | 4559 ||| PLANNING D:1-11
  4730 | D:5      | 4730 ||| Stepping ~*~*~tactically~*~*~ (hiding).
  4744 | D:5      | HP: 4/39 [gnoll/+0 spear[a gnoll sergeant] (7)]
  4744 | D:5      | Slain by a gnoll sergeant

Levels and vault maps discovered:
D:1:      onia_arrival_pentagram, layout_basic, serial_glass, glass_columns_a,
          glass_columns_a, st_stairs_4, hangedman_decor_riveting
D:2:      layout_loops_corners, st_stairs_12, hangedman_decor_clover_reticule,
          hex_tiny
D:3:      layout_loops_corners, grunt_ministairs_7
D:4:      layout_basic, minmay_distorted
D:5:      layout_loops_ring, mainiacjoe_overflow_alcove_2,
          minmay_temple_entry_gardened_gates,
          nicolae_ossuary_entry_false_entrances

Skill      XL: |  1  2  3  4  5 |
---------------+----------------+-----
Axes           | 2 3 4 5 |  5.7
Fighting       | 4 |  4.3
Armour         | |  3.2
Shields        | |  3.2

Action                   |  1- 3 |  4- 6 || total
-------------------------+-------+-------++-------
Melee: War axe           |   140 |   172 ||   312
  Use: Scroll            |     4 |     5 ||     9
Armor: Scale mail        |    85 |     4 ||    89
       Chain mail        |       |   107 ||   107
Dodge: Dodged            |    81 |    65 ||   146
Block: Buckler           |    29 |    23 ||    52

Table legend:
 A = Non-vault XP
 B = Vault XP
 C = Vault XP percentage of total XP
 D = Non-vault monster count
 E = Vault monster count
 F = Vault count percentage of total count
                 A         B        C        D         E       F
            +---------+---------+-------+---------+---------+-------
      Total |     481 |      19 |   3.8 |      83 |       5 |   5.7
            +---------+---------+-------+---------+---------+-------
        D:1 |      37 |       4 |   9.8 |      20 |       2 |   9.1
        D:2 |      55 |       1 |   1.8 |      19 |       1 |   5.0
        D:3 |      51 |      14 |  21.5 |      19 |       2 |   9.5
        D:4 |      29 |       0 |   0.0 |       4 |       0 |   0.0
        D:5 |     309 |       0 |   0.0 |      21 |       0 |   0.0
            +---------+---------+-------+---------+---------+-------
